 Dungeon Crawl Stone Soup version 0.27-a0-1557-g57f10a385c (webtiles) character file.

Game seed: 3181003118572618286

407133 dolemite99 the Marksminotaur (level 22, -6/205 HPs)
             Began as a Minotaur Gladiator on July 16, 2021.
             Was a Priest of Fedhas.
             Killed by an exploding ballistomycete spore (36 damage)
             ... set off by their pet
             ... on level 3 of the Depths.
             The game lasted 02:00:23 (82495 turns).

dolemite99 the Marksminotaur (Minotaur Gladiator)  Turns: 82495, Time: 02:00:23

Health: -6/205     AC: 32    Str: 22    XL:     22   Next: 67%
Magic:  30/32      EV: 11    Int:  9    God:    Fedhas [***...]
Gold:   693        SH:  0    Dex: 16    Spells: 21/21 levels left

rFire    + + .     SeeInvis +   b - +6 longbow
rCold    + + +     Faith    .   (shield currently unavailable)
rNeg     . . .     Spirit   .   O - +0 gold dragon scales
rPois    +         Reflect  .   e - +2 hat
rElec    +         Harm     .   o - scarf {rC+ rF+}
rCorr    .         Rampage  .   J - +2 pair of gloves
Will     +++..                  u - +2 pair of boots {Fly}
Stlth    ..........             H - amulet of Namaps {rC+ Regen+}
HPRegen  1.44/turn              B - ring of the Mage {Wiz Will++ Int+3, =R}
MPRegen  0.23/turn              d - ring of Hospitality {rElec rPois Str-2 Slay+6 SInv}

@: confused, flying
A: horns 2, retaliatory headbutt
}: 1/15 runes: serpentine
a: Renounce Religion, Wall of Briars, Grow Ballistomycete


You were on level 3 of the Depths.
You worshipped Fedhas.
Fedhas was most pleased with you.
You visited 8 branches of the dungeon, and saw 40 of its levels.
You visited 1 bazaar.
You also visited: Gauntlet and Volcano.

You collected 5411 gold pieces.
You spent 4718 gold pieces at shops.

Inventory:

Hand Weapons
 a - a +3 battleaxe
 b - a +6 longbow (weapon)
 p - a +0 battleaxe of freezing
Missiles
 m - 392 arrows (quivered ammo)
Armour
 e - a +2 hat (worn)
 o - a scarf of resistance (worn)
 u - a +2 pair of boots of flying (worn)
 J - a +2 pair of gloves (worn)
 O - +0 gold dragon scales (worn)
Jewellery
 d - the ring of Hospitality (right hand) {rElec rPois Str-2 Slay+6 SInv}
   (You bought it in a shop on level 2 of the Depths)

   [ring of see invisible]

   Str:       It affects your strength (-2).
   Slay:      It affects your accuracy & damage with ranged weapons and melee
   (+6).
   rElec:     It insulates you from electricity.
   rPois:     It protects you from poison.
   SInv:      It lets you see invisible.
 g - the ring of Starshine {Wiz rPois}
   (You found it on level 5 of the Lair of Beasts)

   [ring of wizardry]

   It improves your spell success rate.
   rPois:     It protects you from poison.
 h - a ring of protection from cold
 r - an amulet of reflection
 s - the ring of Impatience {Fire rElec rPois Will- Dex+5}
   (You took it off a tengu warrior on level 2 of the Depths)

   [ring of fire]

   It enhances your fire magic.
   Dex:       It affects your dexterity (+5).
   rF:        It protects you from fire.
   rC:        It makes you vulnerable to cold.
   rElec:     It insulates you from electricity.
   rPois:     It protects you from poison.
   Will:      It decreases your willpower.
 v - a +6 ring of dexterity
 x - a ring of resist corrosion
 y - a ring of see invisible
 z - an amulet of regeneration
 B - the ring of the Mage (left hand) {Wiz Will++ Int+3, =R}
   (You bought it in a shop on level 1 of the Dungeon)

   [ring of wizardry]

   It improves your spell success rate.
   Int:       It affects your intelligence (+3).
   Will:      It greatly increases your willpower.
 H - the amulet of Namaps (around neck) {rC+ Regen+}
   (You took it off a tengu reaver on level 2 of the Depths)

   [amulet of regeneration]

   rC:        It protects you from cold.
   Regen:     It increases your rate of health regeneration.
 I - the amulet "Yluharoh" {Spirit rF+ Dex+4}
   (You found it on level 7 of the Dungeon)

   [amulet of guardian spirit]

   It causes incoming damage to be divided between your reserves of health and
   magic.
   Dex:       It affects your dexterity (+4).
   rF:        It protects you from fire.
 K - a +4 ring of evasion
 L - a ring of poison resistance
 R - the ring "Viot" {rN+ Str+4 Int+6 SInv}
   (You took it off a rakshasa on level 2 of the Depths)

   [ring of intelligence]

   Str:       It affects your strength (+4).
   Int:       It affects your intelligence (+6).
   rN:        It protects you from negative energy.
   SInv:      It lets you see invisible.
 U - a ring of positive energy
 Y - a +6 ring of intelligence
 Z - the ring of Sonecs {rF++ EV+4 Str+2 Dex-2}
   (You took it off a fire giant on level 2 of the Depths)

   [ring of evasion]

   EV:        It affects your evasion (+4).
   Str:       It affects your strength (+2).
   Dex:       It affects your dexterity (-2).
   rF:        It greatly protects you from fire.
Wands
 f - a wand of charming (10)
 t - a wand of digging (13)
 w - a wand of iceblast (13)
 D - a wand of polymorph (32)
 P - a wand of mindburst (7)
 T - a wand of flame (161)
 V - a wand of paralysis (22)
Scrolls
 c - 4 scrolls of fog
 q - 11 scrolls of teleportation
 C - 8 scrolls of immolation
 E - 28 scrolls of identify {@r1}
 G - a scroll of brand weapon
 W - 5 scrolls of silence
Potions
 k - 5 potions of haste
 l - a potion of resistance
 A - 3 potions of attraction
 F - 5 potions of brilliance
 M - 11 potions of curing
 N - 2 potions of berserk rage
 Q - 2 potions of cancellation
 S - a potion of invisibility
 X - 3 potions of might
Miscellaneous
 i - a lightning rod (4/4)
 j - a phantom mirror
 n - a box of beasts


   Skills:
 - Level 19.0 Fighting
 - Level 19.2 Axes
 - Level 19.5 Bows
 - Level 3.2 Throwing
 + Level 19.1 Armour
 - Level 13.6 Dodging
 - Level 1.0 Shields
 + Level 15.7 Invocations
 - Level 12.7 Evocations


You had 21 spell levels left.
You didn't know any spells.
Your spell library contained the following spells:

 Spells                   Type           Power      Damage    Failure   Level
 Animate Skeleton         Necr           0%         N/A       97%         1
 Apportation              Tloc           0%         N/A       97%         1
 Corona                   Hex            0%         N/A       97%         1
 Freeze                   Ice            0%         1d3       97%         1
 Pain                     Necr           0%         1d4       97%         1
 Summon Small Mammal      Summ           0%         N/A       97%         1
 Passwall                 Tmut/Erth      0%         N/A       99%         2
 Slow                     Hex            0%         N/A       99%         2
 Call Canine Familiar     Summ           0%         N/A       100%        3
 Confusing Touch          Hex            0%         N/A       100%        3
 Conjure Flame            Conj/Fire      0%         6-21      100%        3
 Frozen Ramparts          Ice            0%         1d2       100%        3
 Ignite Poison            Fire/Tmut/Pois 0%         N/A       100%        3
 Inner Flame              Hex/Fire       0%         N/A       100%        3
 Portal Projectile        Hex/Tloc       0%         N/A       100%        3
 Stone Arrow              Conj/Erth      0%         3d7       100%        3
 Summon Guardian Golem    Hex/Summ       0%         N/A       100%        3
 Swiftness                Air            0%         N/A       100%        3
 Tukima's Dance           Hex            0%         N/A       100%        3
 Vampiric Draining        Necr           0%         2d6       100%        3
 Animate Armour           Summ/Erth      0%         N/A       100%        4
 Cause Fear               Hex            0%         N/A       100%        4
 Hailstorm                Conj/Ice       0%         3d3       100%        4
 Ice Form                 Ice/Tmut       0%         N/A       100%        4
 Leda's Liquefaction      Hex/Erth       0%         N/A       100%        4
 Passage of Golubria      Tloc           N/A        N/A       100%        4
 Sticky Flame             Conj/Fire      0%         2d3       100%        4
 Summon Ice Beast         Ice/Summ       0%         N/A       100%        4
 Agony                    Necr           0%         N/A       100%        5
 Alistair's Intoxication  Tmut/Pois      0%         N/A       100%        5
 Bolt of Magma            Conj/Fire/Erth 0%         4d4       100%        5
 Excruciating Wounds      Necr           0%         N/A       100%        5
 Fireball                 Conj/Fire      0%         3d3       100%        5
 Summon Forest            Summ/Tloc      0%         N/A       100%        5
 Yara's Violent Unravell  Hex/Tmut       0%         3d3       100%        5
 Eringya's Noxious Bog    Tmut/Pois      0%         N/A       100%        6
 Invisibility             Hex            0%         N/A       100%        6
 Simulacrum               Ice/Necr       0%         N/A       100%        6
 Starburst                Conj/Fire      0%         8x6d3     100%        6
 Statue Form              Tmut/Erth      0%         N/A       100%        6
 Orb of Destruction       Conj           0%         N/A       100%        7
 Spellforged Servitor     Conj/Summ      0%         N/A       100%        7
 Summon Hydra             Summ           0%         N/A       100%        7
 Discord                  Hex            0%         N/A       100%        8
 Ignition                 Fire           0%         3d3       100%        8
 Lehudib's Crystal Spear  Conj/Erth      0%         10d2      100%        8
 Chain Lightning          Conj/Air       0%         N/A       100%        9
 Fire Storm               Conj/Fire      0%         5d1       100%        9
 Shatter                  Erth           0%         3d5*      100%        9


Dungeon Overview and Level Annotations

Branches:
Dungeon (15/15)            Temple (0/1) D:4            Lair (6/6) D:11
 Shoals (4/4) Lair:3        Snake (4/4) Lair:4        Slime (0/5) Lair:5
    Orc (2/2) D:11            Elf (2/3) Orc:2        Vaults (4/5) D:13
  Crypt (0/3) Vaults:3     Depths (3/5) D:15        Volcano (visited)
Gauntlet (visited)

Altars:
Ashenzari
Cheibriados
Dithmenos
Elyvilon
Fedhas
Gozag
Hepliaklqana
Makhleb
Nemelex Xobeh
Qazlal
Ru
Trog
Uskayaw
Vehumet
Wu Jian
Zin
Jiyva

Shops:
D:1 =   D:3 [   D:7 *   D:8 !   D:9 [   D:12 =*   D:15 (   Orc:2 ?([:
Snake:2 :   Vaults:1 *   Vaults:4 !   Depths:1 [   Depths:2 =:=

Portals:
Hell: Depths:1 Depths:2 Depths:3
Abyss: Depths:1
Pandemonium: Depths:1 Depths:3
Ziggurat: Depths:1

Annotations:
D:2 exclusion: downstairs
D:6 3 runed translucent doors, quinnr's ghost, novice TeAE
D:10 1 runed translucent door, SkiChan's ghost, journeyman MiFi
D:12 3 runed translucent doors, Diph's ghost, journeyman TrFi
Lair:1 2 transporters, Zuem's ghost, journeyman DrIE
Lair:2 3 runed translucent doors, Peamost's ghost, journeyman VSFi
Elf:2 5 runed translucent doors


Innate Abilities, Weirdness & Mutations

You have a pair of horns on your head.
You reflexively headbutt those who attack you in melee.


Message History

Mennas hits you but does no damage. Mennas completely misses you.
Your ballistomycete spore explodes!
The explosion of spores engulfs Mennas but does no damage.
Mennas is severely wounded.
The explosion of spores engulfs you!!
You are more confused.
* * * LOW HITPOINT WARNING * * *
Non-targeted confused fire: 394 arrows
Press: ? - help, Q - select action, (/) - cycle Dir - look around, f - activate Look: Mennas, wielding a +4 trishula of holy wrath and wearing a +0 tower shield (silenced, severely wounded, radiating silence, ally target, haloed, 50% to hit)
You shoot an arrow.
Mennas becomes audible again.
Mennas gestures frantically.
Mennas's surroundings become eerily quiet.
Non-targeted confused fire: 393 arrows
Press: ? - help, Q - select action, (/) - cycle Dir - look around, f - activate You shoot an arrow.
Mennas hits you but does no damage.
Mennas hits you from afar with a +4 trishula of holy wrath!
* * * LOW HITPOINT WARNING * * *
You are too confused!
Mennas hits you but does no damage. x2; Mennas barely misses you.
Mennas hits you with a +4 trishula of holy wrath.
* * * LOW HITPOINT WARNING * * *
A ballistomycete spore comes into view.
You feel less confused.
Mennas hits you with a +4 trishula of holy wrath!
* * * LOW HITPOINT WARNING * * *
Mennas hits you but does no damage.
Your ballistomycete spore explodes!
Fedhas protects your plant from harm. x2
The explosion of spores engulfs Mennas!!!
As Mennas dies, the sound returns.
You kill Mennas!
Fedhas accepts your kill.
You hear a splash. x2
The explosion of spores engulfs you!!!
You are confused.
You die...
Fedhas appreciates your contribution to the ecosystem.

.≈# ##≈..# ♣♣............).. .≈#
#≈≈..# ♣♣...............
.≈##.∩.≈#≈..## ♣.♣♣.♣♣..........
.≈##...##≈..A# ♣♣♣♣♣♣♣.♣.......♣
(≈###.# #≈...# ♣♣♣°§..♣♣♣♣
.(≈#####≈...$#♣#♣♣ ♣##..)♣♣♣♣
..≈≈###≈≈....(P((# # #.....#...
...≈≈≈≈≈....≈*P(.#.# #.....#...
#...........≈##)@#.##.##.....#...
##..#....(..≈##≈.'.....#.....###'
####.(.....≈##≈.#####.#.....'...
#..(....≈##≈.# .#.....###.
#.......≈##≈.# .##'#.## #.
#.......≈≈≈≈.# ###.##.##[####
#............# #........#....
#............###..####...#.⌠.
#............'....# ##.##...


You could see 2 friendly ballistomycetes and a friendly ballistomycete spore.

Vanquished Creatures
  A dread lich (Vaults:3)
  Mara (Depths:3)
  Mennas (Depths:3)
  Vashnia (Snake:2)
  4 caustic shrikes (Depths:3)
  A golden dragon (Depths:2)
  Nikola (Depths:2)
  Asterion (Vaults:3)
  A lich (Depths:2)
  2 quicksilver dragons (Snake:4)
  3 sphinxes
  A kraken (Shoals:1)
  Gastronok (Lair:3)
  A shadow dragon (Vaults:3)
  A tengu reaver (Depths:2)
  Roxanne (Elf:2)
  An azure jelly (shapeshifter) (Depths:2)
  6 nagarajas
  2 fire giants
  2 frost giants
  2 orc warlords
  11 vault wardens
  20 ironbound preservers
  11 very ugly things
  A spriggan defender (Depths:3)
  2 vampire knights (Depths:2)
  A deep elf demonologist (Elf:1)
  5 stone giants
  A war gargoyle (Vaults:3)
  An entropy weaver (Vaults:3)
  4 dire elephants
  A deep elf annihilator (Vaults:2)
  2 minotaurs
  3 spark wasps (Depths:2)
  2 deep elf death magi
  4 merfolk impalers
  A merfolk javelineer (Shoals:3)
  7 ettins
  10 fire dragons
  2 jiangshi (Depths:3)
  3 crystal guardians
  10 yaktaur captains
  A deep elf high priest (Vaults:1)
  5 ice dragons
  10 salamander tyrants
  6 naga warriors
  6 ironbound thunderhulks
  12 vault guards
  5 great orbs of eyes
  Harold (D:8)
  8 rakshasas
  3 ogre magi
  3 peacekeepers
  A hell beast (Depths:3)
  4 merfolk aquamancers (Shoals:1)
  15 hydras
  12 ironbound frosthearts
  A monstrous demonspawn (Depths:3)
  3 centaur warriors
  6 boulder beetles
  3 merfolk avatars
  2 spriggan air magi
  12 anacondas
  8 tengu warriors
  10 two-headed ogres
  2 alligators (Snake:4)
  3 alligator snapping turtles
  7 dancing weapons
  9 satyrs
  Erica (Lair:2)
  3 deep troll shamans
  3 death yaks
  An orc high priest (Orc:2)
  2 deep troll earth magi
  6 spriggan berserkers
  3 vampire magi
  13 naga sharpshooters
  4 ironbound beastmasters
  9 hell knights
  9 shock serpents
  2 sun demons (Depths:3)
  7 deep elf knights
  Urug (Lair:1)
  4 iron trolls
  5 skeletal warriors (D:14)
  4 salamander mystics
  6 goliath frogs
  18 sea snakes
  2 glowing orange brains
  A death drake (Snake:4)
  4 naga ritualists
  3 phantasmal warriors
  5 lindwurms
  37 deep trolls
  4 wizards
  A harpy (shapeshifter) (D:13)
  6 deep elf archers
  24 ugly things
  2 orc knights
  25 harpies
  Pikel (D:7)
  21 deep elf pyromancers
  15 ironbound convokers
  5 mana vipers
  13 deep elf zephyrmancers
  A wolf spider (shapeshifter) (D:13)
  A faun (shapeshifter) (Depths:3)
  2 orc sorcerers
  3 necromancers
  A wolf spider (D:15)
  20 fauns
  A fire giant zombie (Vaults:4)
  8 cyclopes
  5 elephants (Lair:3)
  10 merfolk sirens
  23 salamanders
  58 black mambas
  Joseph (D:10)
  17 manticores
  5 guardian serpents
  2 gargoyles (D:11)
  18 vault sentinels
  7 water nymphs
  25 cane toads
  2 molten gargoyles (Volcano)
  An orange demon (Depths:3)
  12 naga magi
  2 efreet (Volcano)
  A freezing wraith (D:15)
  A kobold demonologist (D:5)
  2 minotaur zombies (Gauntlet)
  6 rime drakes
  30 yaktaurs
  6 tengu conjurers
  An ice devil (Depths:3)
  12 komodo dragons
  A komodo dragon (shapeshifter) (D:13)
  A red devil (Depths:3)
  13 trolls
  21 merfolk
  A meliai (shapeshifter) (D:14)
  7 polar bears
  6 wind drakes
  3 tyrant leeches (Lair:6)
  33 blink frogs
  10 snapping turtles
  2 wolf spider simulacra
  49 slime creatures
  7 dream sheep (Shoals:3)
  2 stone giant simulacra (Vaults:4)
  7 spriggans (D:11)
  Sigmund (D:3)
  2 shadows (D:11)
  4 air elementals (Elf:1)
  2 tarantellas (Vaults:3)
  7 water elementals
  2 wraiths
  3 wyverns
  A golden eye (shapeshifter) (Elf:1)
  A wyvern (shapeshifter) (D:13)
  6 fire elementals
  A steam dragon (D:8)
  A basilisk (shapeshifter) (D:14)
  A hog (Lair:3)
  63 yaks
  5 basilisks
  7 vampire mosquitoes
  4 wargs
  Menkaure (D:5)
  29 nagas
  An acid dragon (D:10)
  19 water moccasins
  13 orc warriors
  2 ice beasts
  3 black bears
  A black bear (shapeshifter) (D:14)
  23 ogres
  A boggart (Vaults:1)
  4 necrophages (D:4)
  16 wolves
  2 phantoms
  3 centaurs
  A lemure (D:7)
  4 kobold brigands
  15 bullfrogs
  4 gnoll sergeants
  5 earth elementals
  3 scorpions
  A wyvern zombie (D:8)
  A water moccasin skeleton (D:7)
  4 electric eels
  9 wights
  2 howler monkeys
  A lava snake (Snake:2)
  6 centaur zombies
  A bullfrog zombie (D:4)
  2 jellies
  11 orc priests
  4 hounds (D:5)
  A bullfrog skeleton (D:5)
  An iguana (shapeshifter) (D:15)
  3 iguanas
  Terence (D:3)
  11 orc wizards
  A scorpion zombie (D:4)
  4 hell rats (Lair:6)
  Robin (D:2)
  2 howler monkey zombies
  17 gnolls
  A howler monkey skeleton (D:7)
  8 adders
  A shadow imp (D:7)
  14 white imps
  3 ufetubi
  An adder zombie (D:4)
  5 dart slugs
  50 orcs
  10 ball pythons
  4 endoplasms
  2 giant cockroaches
  14 goblins
  11 hobgoblins
  20 jackals
  A jackal (shapeshifter) (Depths:2)
  2 quokkas
  3 bats
  5 frilled lizards
  19 kobolds
  4 rats (D:1)
  A spectral hobgoblin (D:1)
  4 ballistomycete spores
  6 fire vortices (Volcano)
  3 tentacles (Shoals:1)
1549 creatures vanquished.

Vanquished Creatures (collateral kills)
  Aizul (Snake:1)
  A vault warden (Vaults:2)
  A dire elephant (Vaults:1)
  A merfolk impaler (Shoals:4)
  7 death yaks
  2 hell knights
  An ironbound beastmaster (Vaults:1)
  A sea snake (Shoals:1)
  A naga ritualist (Snake:1)
  A necromancer (Gauntlet)
  A vault sentinel (Vaults:1)
  A naga mage (Snake:1)
  A black mamba (Snake:1)
  An ice statue (Gauntlet)
  A komodo dragon (Lair:6)
  2 slime creatures (Gauntlet)
  A blink frog (Lair:6)
  4 yaks (Lair:6)
  A vampire mosquito (Lair:6)
  An ogre (D:6)
  2 bullfrogs (Lair:6)
  3 wights (D:6)
  2 jellies (Gauntlet)
  188 ballistomycete spores
226 creatures vanquished.

Vanquished Creatures (others)
  2 thorn hunters (Depths:3)
  A deep elf pyromancer (Elf:2)
  A wizard (Vaults:1)
  A faun (Depths:3)
  An oklob plant (Lair:5)
  A bullfrog (D:9)
  An earth elemental (Volcano)
  20 ballistomycete spores
  A bush (D:4)
  78 fungi
  426 plants
  11 tentacles (Shoals:1)
  27 withered plants
571 creatures vanquished.

Grand Total: 2346 creatures vanquished

Notes
Turn   | Place    | Note
-------+----------+-------------------------------------------
     0 | D:1      | dolemite99 the Minotaur Gladiator began the quest for the
                  | Orb.
     0 | D:1      | Reached XP level 1. HP: 18/18 MP: 0/0
   388 | D:1      | Reached XP level 2. HP: 13/25 MP: 1/1
   847 | D:1      | Reached skill level 5 in Axes
   878 | D:1      | Reached XP level 3. HP: 25/30 MP: 2/2
   997 | D:1      | Found a faded altar of an unknown god.
  1013 | D:1      | Became a worshipper of Fedhas Madash
  1013 | D:1      | Reached * piety under Fedhas
  1179 | D:1      | Found Tutuuw's Jewellery Emporium.
  1689 | D:2      | Reached XP level 4. HP: 37/37 MP: 3/3
  1867 | D:3      | Found Kuoskeg's Armour Boutique.
  1869 | D:3      | Reached ** piety under Fedhas
  1877 | D:3      | Noticed Terence
  1897 | D:3      | Killed Terence
  2287 | D:3      | Noticed Sigmund
  2864 | D:3      | Reached XP level 5. HP: 42/42 MP: 4/4
  2866 | D:3      | Noticed Robin
  3262 | D:2      | Killed Robin
  3774 | D:4      | Found a blossoming altar of Fedhas.
  3812 | D:4      | Reached skill level 1 in Invocations
  4275 | D:4      | Noticed a phantom
  4285 | D:4      | Killed a phantom
  4286 | D:4      | Reached XP level 6. HP: 26/50 MP: 5/7
  4675 | D:4      | Found a staircase to the Ecumenical Temple.
  4818 | D:4      | Found an opulent altar of Gozag.
  4848 | D:4      | Reached *** piety under Fedhas
  4929 | D:4      | Found a radiant altar of Vehumet.
  4929 | D:4      | Found a bloodstained altar of Trog.
  5433 | D:4      | Reached XP level 7. HP: 42/56 MP: 9/9
  5501 | D:4      | Reached skill level 10 in Axes
  5864 | D:5      | Entered Level 5 of the Dungeon
  6020 | D:5      | Reached XP level 8. HP: 49/62 MP: 10/10
  6132 | D:5      | Noticed a kobold demonologist
  6155 | D:5      | Noticed an ice devil
  6160 | D:5      | Killed a kobold demonologist
  6427 | D:5      | Noticed Menkaure
  6434 | D:5      | Killed Menkaure
  6546 | D:5      | Found a broken altar of Ashenzari.
  7125 | D:6      | Reached XP level 9. HP: 66/68 MP: 11/11
  7313 | D:6      | Reached **** piety under Fedhas
  7360 | D:6      | Found a runed translucent gate.
  7360 | D:6      | Found a runed translucent gate.
  7361 | D:6      | Found a runed translucent gate.
  7363 | D:6      | Noticed quinnr's ghost (novice TeAE)
  7898 | D:7      | Found a glowing silver altar of Zin.
  7923 | D:7      | Noticed Pikel
  7939 | D:7      | Killed Pikel
  7974 | D:7      | Reached skill level 5 in Armour
  8213 | D:7      | Found a sparkling altar of Nemelex Xobeh.
  8334 | D:7      | Noticed a cyclops
  8349 | D:7      | Killed a cyclops
  8740 | D:7      | Found Renidoorph's Serpentskin Sales.
  8752 | D:7      | Reached XP level 10. HP: 78/80 MP: 12/12
  8757 | D:7      | Bought 8 poisoned darts for 51 gold pieces
  8757 | D:7      | Bought 10 poisoned darts for 64 gold pieces
  8757 | D:7      | Bought 10 poisoned darts for 64 gold pieces
  8779 | D:7      | Reached skill level 1 in Shields
  9043 | D:7      | Identified the amulet "Yluharoh" {Spirit rF+ Dex+4}
  9314 | D:8      | Reached ***** piety under Fedhas
  9506 | D:8      | Found a snail-covered altar of Cheibriados.
  9606 | D:8      | Reached skill level 1 in Bows
 10283 | D:8      | Found a hide-covered altar of Uskayaw.
 10337 | D:8      | Found an ornate altar of the Wu Jian Council.
 10464 | D:8      | Found Wolyolir's Distillery.
 10471 | D:8      | Bought a potion of heal wounds for 55 gold pieces
 10471 | D:8      | Bought a potion of curing for 33 gold pieces
 10471 | D:8      | Bought a potion of berserk rage for 55 gold pieces
 10471 | D:8      | Bought a potion of might for 44 gold pieces
 10581 | D:8      | Noticed Harold
 10598 | D:8      | Killed Harold
 10599 | D:8      | Reached skill level 5 in Bows
 11209 | D:9      | Found Edysch's Armour Boutique.
 11219 | D:9      | Bought a +0 pair of gloves for 58 gold pieces
 11287 | D:9      | Identified the +11 whip "Yjaekh" {freeze, rF+}
 11999 | D:10     | Entered Level 10 of the Dungeon
 12221 | D:10     | Noticed a two-headed ogre
 12235 | D:10     | Killed a two-headed ogre
 12236 | D:10     | Reached XP level 11. HP: 71/85 MP: 9/13
 12346 | D:10     | Found a sacrificial altar of Ru.
 12351 | D:10     | Found a white marble altar of Elyvilon.
 12421 | D:10     | Reached skill level 5 in Fighting
 12513 | D:10     | Noticed Joseph
 12532 | D:10     | Killed Joseph
 12658 | D:10     | Found a runed translucent door.
 12658 | D:10     | Noticed SkiChan's ghost (journeyman MiFi)
 12773 | D:10     | Found a burning altar of Makhleb.
 12960 | D:11     | Noticed a boulder beetle
 13329 | D:11     | Killed a boulder beetle
 14482 | D:11     | Found a staircase to the Lair.
 14568 | D:11     | Reached skill level 10 in Armour
 14674 | D:11     | Reached skill level 5 in Invocations
 14755 | D:11     | Noticed a two-headed ogre
 14764 | D:11     | Killed a two-headed ogre
 14894 | D:11     | Found a staircase to the Orcish Mines.
 15216 | D:3      | Killed Sigmund
 15324 | D:1      | Bought a ring of poison resistance for 220 gold pieces
 15564 | Lair:1   | Entered Level 1 of the Lair of Beasts
 15574 | Lair:1   | Reached XP level 12. HP: 76/103 MP: 10/16
 15980 | Lair:1   | Reached skill level 1 in Evocations
 16026 | Lair:1   | Found a transporter.
 16026 | Lair:1   | Noticed a six-headed hydra
 16086 | Lair:1   | Found a transporter.
 16086 | Lair:1   | Noticed a seven-headed hydra
 16102 | Lair:1   | Noticed Zuem's ghost (journeyman DrIE)
 16203 | Lair:1   | Noticed Urug
 16210 | Lair:1   | Killed Urug
 16882 | Lair:2   | Noticed Erica
 16897 | Lair:2   | Killed Erica
 17084 | Lair:2   | Reached skill level 5 in Evocations
 17218 | Lair:2   | Noticed Peamost's ghost (journeyman VSFi)
 17219 | Lair:2   | Found a runed translucent gate.
 17219 | Lair:2   | Found a runed translucent gate.
 17221 | Lair:2   | Noticed a five-headed hydra
 17225 | Lair:2   | Found a runed translucent gate.
 17443 | Lair:2   | Noticed a death yak
 17989 | Lair:2   | You fall into a shaft and drop 1 floor!
 18707 | Lair:3   | Found a staircase to the Shoals.
 18751 | Lair:3   | Reached skill level 15 in Axes
 19113 | Lair:3   | Noticed Sonja
 19115 | Lair:3   | Noticed Sonja
 19115 | Lair:3   | Sonja changed into Sonja the hog
 19120 | Lair:3   | Killed Sonja the hog
 19270 | Lair:3   | Reached ****** piety under Fedhas
 19276 | Lair:3   | Reached XP level 13. HP: 56/110 MP: 10/17
 19673 | Lair:3   | Reached skill level 10 in Fighting
 19832 | Lair:3   | Noticed Gastronok
 19923 | Lair:3   | Killed Gastronok
 20568 | Lair:4   | Found a gate leading to a gauntlet.
 20588 | Gauntlet | Entered a Gauntlet
 20588 | Gauntlet | Found a transporter.
 20853 | Gauntlet | Found a transporter.
 20868 | Gauntlet | Found a transporter.
 20870 | Gauntlet | Noticed a blizzard demon
 20873 | Gauntlet | Found a transporter.
 20888 | Gauntlet | Found a transporter.
 20907 | Gauntlet | Found a transporter.
 20919 | Gauntlet | Found a transporter.
 20931 | Gauntlet | Found a transporter.
 20931 | Gauntlet | Noticed a quicksilver ooze
 20943 | Gauntlet | Found a transporter.
 20955 | Gauntlet | Found a transporter.
 20972 | Gauntlet | Found a transporter.
 20989 | Gauntlet | Found a transporter.
 20991 | Gauntlet | Found a transporter.
 21018 | Gauntlet | Found a transporter.
 21020 | Gauntlet | Found a transporter.
 21040 | Gauntlet | Found a transporter.
 21122 | Gauntlet | Found a transporter.
 21124 | Gauntlet | Found a transporter.
 21758 | Gauntlet | Noticed a minotaur
 21766 | Gauntlet | Killed a minotaur
 22200 | Lair:4   | Found a staircase to the Snake Pit.
 24013 | Lair:5   | Reached XP level 14. HP: 116/127 MP: 13/19
 24344 | Lair:5   | Found a viscous altar of Jiyva.
 24344 | Lair:5   | Found a staircase to the Slime Pits.
 25351 | Lair:5   | Reached skill level 10 in Bows
 25360 | Lair:5   | Identified the ring of Starshine {Wiz rPois}
 25376 | Lair:5   | Identified the +8 arbalest of Brawling {elec, Str+4 Int+3}
 26186 | Lair:6   | Entered Level 6 of the Lair of Beasts
 27102 | Lair:6   | Identified the +1 plate armour "Sutsedoe" {Int+2}
 28822 | D:1      | Bought the ring of the Mage {Wiz Will++ Int+3} for 568 gold
                  | pieces
 28822 | D:1      | Found the ring of the Mage {Wiz Will++ Int+3}
 29050 | D:12     | Found a radiant altar of Vehumet.
 29355 | D:12     | Reached XP level 15. HP: 126/134 MP: 15/20
 29405 | D:12     | Found Gyrph's Assorted Antiques.
 29442 | D:12     | Bought a wand of iceblast (10) for 96 gold pieces
 29685 | D:12     | Found a runed translucent gate.
 29685 | D:12     | Found a runed translucent gate.
 29685 | D:12     | Found a runed translucent gate.
 29686 | D:12     | Noticed Diph's ghost (journeyman TrFi)
 29687 | D:12     | Found a viscous altar of Jiyva.
 29722 | D:12     | Found Kefeb's Jewellery Emporium.
 29880 | Orc:1    | Entered Level 1 of the Orcish Mines
 30161 | Orc:2    | Entered Level 2 of the Orcish Mines
 30167 | Orc:2    | Found a staircase to the Elven Halls.
 30189 | Orc:2    | Found a dark tunnel.
 30196 | Volcano  | Entered a volcano
 31950 | Orc:2    | Found a bloodstained altar of Trog.
 32564 | Orc:2    | Found Gyqidots's Magic Scroll Shoppe.
 32822 | Orc:2    | Found Iqoffa's Antique Armour Emporium.
 32882 | Orc:2    | Found Loishroko's Antique Weapon Shop.
 32885 | Orc:2    | Bought a scroll of blinking for 90 gold pieces
 32885 | Orc:2    | Bought a scroll of blinking for 90 gold pieces
 32885 | Orc:2    | Bought a scroll of enchant weapon for 90 gold pieces
 32889 | Orc:2    | Found Qucki's Book Emporium.
 32908 | Orc:2    | Bought a runed cloak for 225 gold pieces
 33252 | Orc:2    | Bought a twisted shortbow for 192 gold pieces
 33252 | Orc:2    | Identified the +7 shortbow of the Spider Nest {freeze,
                  | Str+4} (You bought it in a shop on level 2 of the Orcish
                  | Mines)
 34277 | D:13     | Found a gate to the Vaults.
 34844 | D:14     | Reached skill level 15 in Fighting
 34887 | D:14     | Found a shadowy altar of Dithmenos.
 35279 | D:14     | Found a flagged portal.
 35529 | D:14     | Found a hazy altar of Hepliaklqana.
 35867 | D:15     | Entered Level 15 of the Dungeon
 35870 | D:15     | Reached XP level 16. HP: 149/149 MP: 21/21
 36273 | D:15     | Identified the +10 quarterstaff "Dayn Esu" {flame, Int+3}
 37152 | D:15     | Found a broken altar of Ashenzari.
 37311 | D:15     | Found Iruss's Antique Weapon Emporium.
 37984 | D:15     | Found a staircase to the Depths.
 38292 | Snake:1  | Entered Level 1 of the Snake Pit
 38591 | Snake:1  | Reached skill level 10 in Invocations
 39261 | Snake:1  | Noticed Aizul
 39271 | Snake:1  | Killed Aizul
 39476 | Snake:1  | Found the +2 cloak of the Thief {*Fog Slay-2 SInv Stlth+}
 40711 | Snake:2  | Found Joenwol's Book Shoppe.
 41480 | Snake:2  | Noticed Vashnia
 42539 | Snake:2  | Killed Vashnia
 42540 | Snake:2  | Reached XP level 17. HP: 135/158 MP: 10/26
 43337 | Snake:3  | Reached skill level 15 in Bows
 45219 | Snake:4  | Entered Level 4 of the Snake Pit
 47076 | Snake:4  | Noticed a quicksilver dragon
 47081 | Snake:4  | Killed a quicksilver dragon
 47310 | Snake:4  | Noticed a quicksilver dragon
 47320 | Snake:4  | Killed a quicksilver dragon
 48392 | Snake:4  | Reached XP level 18. HP: 166/166 MP: 27/27
 48874 | Snake:4  | Got a serpentine rune of Zot
 49129 | Shoals:1 | Entered Level 1 of the Shoals
 49922 | Shoals:1 | Found a radiant altar of Vehumet.
 54973 | Shoals:4 | Entered Level 4 of the Shoals
 55142 | D:12     | Bought a scroll of teleportation for 72 gold pieces
 55142 | D:12     | Bought a masterwork plate armour for 672 gold pieces
 55142 | D:12     | Identified the +5 plate armour of Immorality {Dex+3} (You
                  | bought it in a shop on level 12 of the Dungeon)
 55194 | Vaults:1 | Entered Level 1 of the Vaults
 55957 | Vaults:1 | Found Tuihapp's General Store.
 56119 | Vaults:1 | Bought a scroll of enchant weapon for 120 gold pieces
 56230 | Vaults:1 | Reached XP level 19. HP: 99/172 MP: 14/28
 56706 | Vaults:1 | Reached skill level 5 in Dodging
 58959 | Vaults:1 | Reached skill level 10 in Dodging
 59216 | Vaults:1 | Found the +8 Vampire's Tooth {vamp}
 61815 | Vaults:2 | Identified the +4 ring mail of Winiowum {+Inv rF+ rC+++
                  | Int-5}
 62437 | Elf:1    | Entered Level 1 of the Elven Halls
 62821 | Elf:1    | Found a flickering gateway to a bazaar.
 62834 | Bazaar   | Entered a bazaar
 62868 | Bazaar   | Found Zofil's Book Emporium.
 62868 | Bazaar   | Found Paorol's Jewellery Shoppe.
 63344 | Elf:1    | Paralysed by an air elemental for 1 turns
 63347 | Elf:1    | Paralysed by an air elemental for 1 turns
 63498 | Elf:1    | Reached XP level 20. HP: 180/180 MP: 29/29
 63581 | Elf:1    | Paralysed by an air elemental for 1 turns
 63740 | Elf:1    | Reached skill level 15 in Armour
 64347 | Elf:1    | Paralysed by an air elemental for 1 turns
 64408 | Elf:1    | Paralysed by an air elemental for 1 turns
 65582 | Elf:2    | Found a huge runed translucent gate.
 65582 | Elf:2    | Found a huge runed translucent gate.
 65582 | Elf:2    | Found a huge runed translucent gate.
 65582 | Elf:2    | Found a huge runed translucent gate.
 65584 | Elf:2    | Found a huge runed translucent gate.
 65739 | Elf:2    | Noticed Roxanne
 65757 | Elf:2    | Killed Roxanne
 69179 | Vaults:3 | Noticed Asterion
 69190 | Vaults:3 | Killed Asterion
 69743 | Vaults:3 | Found a staircase to the Crypt.
 69743 | Vaults:3 | Noticed a dread lich
 69755 | Vaults:3 | Killed a dread lich
 71208 | Shoals:4 | Reached XP level 21. HP: 141/196 MP: 16/30
 73161 | Vaults:4 | Found Soughi's Distillery.
 73169 | Vaults:4 | Bought a potion of heal wounds for 120 gold pieces
 73169 | Vaults:4 | Bought a potion of magic for 192 gold pieces
 73169 | Vaults:4 | Bought a potion of cancellation for 192 gold pieces
 73169 | Vaults:4 | Bought a potion of might for 96 gold pieces
 73759 | Vaults:4 | Reached skill level 10 in Evocations
 75551 | Depths:1 | Entered Level 1 of the Depths
 75769 | Depths:1 | Found a gateway to a ziggurat.
 75774 | Depths:1 | Identified a scroll of acquirement
 75942 | Depths:1 | Found a one-way gate leading to the halls of Pandemonium.
 76276 | Depths:1 | Found Viffonil's Antique Armour Shoppe.
 76318 | Depths:1 | Found a gateway to Hell.
 76357 | Depths:1 | Found a stormy altar of Qazlal.
 76460 | Depths:1 | Found a one-way gate to the infinite horrors of the Abyss.
 76636 | Depths:2 | Noticed Nikola
 76649 | Depths:2 | Killed Nikola
 77233 | Depths:2 | Acquired 980 gold pieces
 77621 | Depths:2 | Identified the ring of Sonecs {rF++ EV+4 Str+2 Dex-2}
 77648 | Depths:2 | Found Lylyucamm's Jewellery Emporium.
 77655 | Depths:2 | Found Ogyxuiqoa's Jewellery Emporium.
 77695 | Depths:2 | Noticed a golden dragon
 77697 | Depths:2 | Found Amosk's Book Boutique.
 77700 | Depths:2 | Identified the amulet of Namaps {rC+ Regen+}
 77704 | Depths:2 | Killed a golden dragon
 77722 | Depths:2 | HP: 4/187 [spore (20)]
 78556 | Depths:2 | Bought the ring of Hospitality {rElec rPois Str-2 Slay+6
                  | SInv} for 867 gold pieces
 78631 | Depths:2 | Identified the ring "Viot" {rN+ Str+4 Int+6 SInv}
 78776 | Depths:2 | Reached XP level 22. HP: 167/205 MP: 29/31
 78790 | Depths:2 | Identified the ring of Impatience {Fire rElec rPois Will-
                  | Dex+5}
 80056 | Vaults:1 | Bought a potion of curing for 48 gold pieces
 80056 | Vaults:1 | Bought a +2 kite shield of reflection for 296 gold pieces
 80056 | Vaults:1 | Bought a potion of curing for 48 gold pieces
 80692 | Depths:3 | Noticed a caustic shrike
 80694 | Depths:3 | Noticed a caustic shrike
 80696 | Depths:3 | Noticed a caustic shrike
 80698 | Depths:3 | Noticed a caustic shrike
 81273 | Depths:3 | Killed a caustic shrike
 81274 | Depths:3 | Reached skill level 15 in Invocations
 81289 | Depths:3 | Killed a caustic shrike
 81289 | Depths:3 | Killed a caustic shrike
 81295 | Depths:3 | Killed a caustic shrike
 81684 | Depths:3 | Noticed Mennas
 81923 | Depths:3 | Noticed Mara
 81938 | Depths:3 | Noticed dolemite99's illusion
 81941 | Depths:3 | Killed Mara
 82495 | Depths:3 | Killed Mennas
 82495 | Depths:3 | Killed by an exploding ballistomycete spore... set off by
                  | their pet

Illustrated notes

Levels and vault maps discovered:
D:1:      lightli_arrival_isolated_outpost, layout_loops_ring,
          dreamdust_ecumenical_altar_drowned_temple, serial_shops, shop,
          minmay_misc_feat_plants, ebering_dispersal_statue_hall,
          minmay_tree_intersection
D:2:      layout_rooms
D:3:      layout_rooms, serial_shops, shop, grunt_ministairs_2,
          kennysheep_generic_room_9, uniq_sigmund, uniq_terence, uniq_robin
D:4:      layout_gridville, nicolae_gozag_cash_rules_everything_around_me,
          fedhas_altar_decomposition, gammafunk_temple_overflow_pools,
          minmay_temple_entry_arrows, enter_ossuary_5
D:5:      layout_loops_cross, kennysheep_mini_moat, uniq_menkaure
D:6:      layout_basic, ebering_ghost_rock_garden, serial_bayou_pond_d
D:7:      layout_loops_ring, mainiacjoe_overflow_paths,
          nemelex_xobeh_ov_fountains_minmay, st_stairs_2,
          amcnicky_mini_pool_small, moated_statue, guppyfry_shop_venom,
          uniq_pikel
D:8:      layout_basic, eat_drink_and_be_merry_uskayaw,
          nicolae_wu_jian_glorious_leap, cheibriados_altar_1, serial_shops,
          nicolae_square_shop, minivault_5, uniq_harold
D:9:      layout_basic, nicolae_stop_n_shop_2, lemuel_old_faithful
D:10:     layout_loops_ring, lightli_temple_of_fire,
          mainiacjoe_overflow_big_doors, gammafunk_ghost_grave, uniq_joseph
D:11:     kb_forest_paths, layout_basic
D:12:     layout_basic, gammafunk_ghost_ooze, serial_shops, shop, shop,
          vehumet_crystals
D:13:     layout_long_grid, david_vaults_2
D:14:     layout_small_grid, enter_bailey_2, grunt_dithmenos_smoke_and_mirrors,
          nicolae_hepliaklqana_hazy_memory
D:15:     grunt_enter_depths_snipers, layout_basic, serial_shops,
          nicolae_shop_behind_doors, ashenzari_altar_1
Lair:1:   layout_cave_pods, nzn_ghost_randoct, chequers_serial_rivers_micro_d,
          grunt_megastairs_2, lemuel_fruit_tree, uniq_urug
Lair:2:   layout_regular_city, gammafunk_ghost_split, beast_lair_carwin_7,
          serial_bayou_shore_b, uniq_erica
Lair:3:   cheibrodos_lair_overgrown_chateau, layout_chaotic_city,
          elwin_shoals_entry_rooms, portal_ice_cave_entry_imps, uniq_gastronok,
          uniq_sonja
Lair:4:   layout_regular_city, minmay_snake_entry_six_corridors,
          gauntlet_entry_generic, chequers_serial_rivers_micro_a,
          minmay_stone_trees_small
Lair:5:   layout_cave_pods, slime_altar_1, minivault_27, beast_lair_carwin_1,
          minmay_lair_oklob_chamber, serial_bayou_shore_b, grunt_megastairs_5
Lair:6:   minmay_lair_end_frog_pond, layout_regular_city
Shoals:1: cheibrodos_shoals_epimethial_gifts, layout_shoals,
          lemuel_altar_in_water, nicolae_shoals_lost_giant_pillars
Shoals:2: layout_shoals
Shoals:3: layout_shoals
Shoals:4: shoals_end_hellmonk_lost_city
Snake:1:  layout_cave_shapes, guppyfry_library_mini, serial_bayou_shore_a,
          uniq_aizul
Snake:2:  layout_basic, serial_shops, nicolae_stop_n_shop_1, uniq_vashnia
Snake:3:  layout_layer_cave, drop_trap, nicolae_snake_single_loop, st_stairs_9,
          grunt_megastairs_3
Snake:4:  hellmonk_snake_rune_quicksilver_temple, layout_cave_town,
          serial_bayou_pond_d, nicolae_snake_herptile_family_reunion
Orc:1:    layout_caves
Orc:2:    st_orc_open, layout_diamond_mine, enter_volcano_2, lemuel_statue_altar
Elf:1:    minmay_elf_arrival_plus, layout_gridlike, serial_shops, bzr_firewalk,
          hangedman_corner_corridor
Elf:2:    layout_gridlike, uniq_roxanne
Vaults:1: nicolae_vaults_angled_halls, grunt_vaults_hallway_short,
          nicolae_vaults_little_squares_3, st_eye, grunt_vaults_twisty,
          nicolae_vaults_ninety_degrees, v_alt_pattern_2,
          layout_vaults_big_room, serial_shops, shop_fountains
Vaults:2: nicolae_vaults_triangles, nicolae_vaults_asterisk, grunt_vaults_focal,
          v_alt_pattern_4, v_misc_8, grunt_vaults_funnel,
          hangedman_vaults_pinch, ontoclasm_vaults_decontamination, v_misc_4,
          layout_vaults_ring
Vaults:3: v_misc_32, v_misc_12, minmay_crypt_entry_simple_corners,
          vaults_mumra_minichess, vaults_room_guarded_vault, vaults_room_pool,
          nicolae_vaults_yaktaur_gun_rack, hangedman_vaults_trim,
          hangedman_vaults_impose, grunt_vaults_bifocal,
          vaults_standard_mumra_enter_the_diamond, ontoclasm_vaults_bender,
          vaults_room_stairs_pillars, ontoclasm_vaults_idyll,
          layout_vaults_maze_bifur, uniq_asterion
Vaults:4: nicolae_vaults_twisting_passages, v_misc_28, v_rooms_2,
          ontoclasm_vaults_shout, vaults_room_corners, ontoclasm_vaults_eye,
          vaults_room_fancy_cross, nicolae_vaults_little_squares_6,
          layout_vaults_omnibox, serial_shops, shop_statue
Depths:1: layout_cave_pools, enter_ziggurat_b, serial_shops,
          nicolae_inconvenience_store, grunt_qazlal_clouds, abyss_entry,
          hell_entry, pan_entry, kennysheep_generic_room_6
Depths:2: minmay_the_grid_square_5x5_3x3 [minmay_the_grid_square_5x5_spiral,
          minmay_the_grid_square_5x5_n_small,
          minmay_the_grid_square_5x5_spiral_small,
          minmay_the_grid_square_5x5_hourglass,
          minmay_the_grid_square_5x5_megaprize_diamond,
          minmay_the_grid_square_5x5_shuriken, minmay_the_grid_square_5x5_inset,
          minmay_the_grid_square_5x5_seven,
          minmay_the_grid_square_5x5_one_wall], layout_basic,
          minmay_misc_feat_secret_circle, hell_entry, serial_bayou_shore_b,
          minmay_shop_grove, infiniplex_staircase_river, uniq_nikola
Depths:3: grunt_forest_end_winery, layout_gridlike, pf_coc_iceberg,
          interstate_on_off, grunt_pan_entry_spiral, grunt_ministairs_3,
          uniq_mennas, uniq_mara

Skill      XL: |  1  2  3  4  5  6  7  8  9 10 11 12 13 14 15 16 17 18 19 20 21 22 |
---------------+-------------------------------------------------------------------+-----
Axes           | 4 5 6 7 8 10 13 15 16 19 | 19.2
Invocations    | 3 4 6 7 9 13 14 15 | 15.7
Armour         | 7 10 11 14 17 19 | 19.1
Fighting       | 4 8 12 15 18 19 | 19.0
Shields        | 1 |  1.0
Throwing       | 3 |  3.2
Bows           | 9 14 18 19 | 19.5
Evocations     | 7 12 | 12.7
Dodging        | 13 | 13.6

Action                   |  1- 3 |  4- 6 |  7- 9 | 10-12 | 13-15 | 16-18 | 19-21 | 22-24 || total
-------------------------+-------+-------+-------+-------+-------+-------+-------+-------++-------
Melee: War axe           |    93 |   121 |   270 |   195 |       |       |       |       ||   679
       Headbutt          |    19 |    18 |    52 |    58 |    52 |    57 |    97 |    34 ||   387
       Broad axe         |       |       |       |    43 |   218 |   194 |    65 |       ||   520
       Battleaxe         |       |       |       |       |       |       |   253 |   127 ||   380
 Fire: Shortbow          |       |       |       |   619 |  1092 |   811 |       |       ||  2522
       Longbow           |       |       |       |       |       |   493 |  1409 |   255 ||  2157
Throw: Throwing net      |       |     2 |       |       |       |       |       |       ||     2
Invok: Grow Ballistomyce |       |       |       |     4 |    12 |    25 |    31 |     8 ||    80
       Wall of Briars    |       |       |       |     1 |     3 |     3 |    18 |     1 ||    26
       Overgrow          |       |       |       |       |     5 |     1 |     4 |     1 ||    11
       Grow Oklob        |       |       |       |       |       |     5 |     2 |       ||     7
Evoke: Wand              |       |       |       |    18 |    44 |    40 |    31 |    16 ||   149
       Lightning rod     |       |       |       |       |       |       |    21 |       ||    21
       Phantom mirror    |       |       |       |       |       |       |    10 |     3 ||    13
       Box of beasts     |       |       |       |       |       |       |       |     2 ||     2
  Use: Scroll            |     4 |       |     5 |    11 |    17 |    14 |    21 |     3 ||    75
       Potion            |       |       |       |     2 |     4 |     3 |    23 |     1 ||    33
 Stab: Invisible         |       |       |       |       |     5 |       |     4 |       ||     9
       Paralysed         |       |       |       |       |     2 |     1 |       |       ||     3
       Confused          |       |       |       |       |     1 |     3 |       |       ||     4
Armor: Leather armour    |    15 |       |       |       |       |       |       |       ||    15
       Plate armour      |    40 |   114 |   175 |   215 |   232 |   412 |   336 |       ||  1524
       Gold dragon scale |       |       |       |       |       |       |    28 |   198 ||   226
Dodge: Dodged            |    53 |    37 |    82 |   172 |   210 |   263 |   435 |   116 ||  1368
Block: Buckler           |     8 |    21 |    37 |    10 |       |       |       |       ||    76

Table legend: (Time is in decaauts)
 A = Elapsed time spent in this place.
 B = Non-inter-level travel time spent in this place.
 C = Inter-level travel time spent in this place.
 D = Time resting spent in this place.
 E = Time spent auto-exploring this place.
 F = Levels seen in this place.
 G = Mean time per level.
                   A        B        C        D        E       F      G
               +--------+--------+--------+--------+--------+-----+--------+
         Total |  80938 |  75820 |   5118 |  29758 |  32613 |  43 | 1882.3 |
       Dungeon |  22337 |  19977 |   2360 |   7450 |   9262 |  15 | 1489.1 |
          Lair |  12028 |  11347 |    681 |   4269 |   5157 |   6 | 2004.7 |
        Shoals |   7294 |   6959 |    335 |   2331 |   3254 |   4 | 1823.5 |
     Snake Pit |  10229 |   9677 |    552 |   3478 |   4606 |   4 | 2557.2 |
  Orcish Mines |   2481 |   2335 |    146 |    583 |   1063 |   2 | 1240.5 |
   Elven Halls |   3976 |   3862 |    114 |   1612 |   1645 |   2 | 1988.0 |
        Vaults |  13835 |  13147 |    688 |   6497 |   4764 |   4 | 3458.8 |
        Depths |   6599 |   6360 |    239 |   2588 |   2307 |   3 | 2199.7 |
        Bazaar |     64 |     64 |      0 |      0 |     34 |   1 |   64.0 |
       Volcano |    862 |    862 |      0 |    470 |    195 |   1 |  862.0 |
      Gauntlet |   1227 |   1227 |      0 |    476 |    323 |   1 | 1227.0 |
               +--------+--------+--------+--------+--------+-----+--------+

Top non-repeatable levels by time:
Vaults:1: 4860 daAuts
Vaults:2: 3625 daAuts
 Snake:4: 3255 daAuts
Depths:2: 3178 daAuts
Shoals:3: 2973 daAuts
  Lair:3: 2923 daAuts
Vaults:3: 2847 daAuts
 Snake:1: 2774 daAuts
Vaults:4: 2502 daAuts
  Lair:5: 2423 daAuts
Shoals:1: 2405 daAuts
Depths:3: 2303 daAuts
    D:15: 2302 daAuts
 Snake:3: 2290 daAuts
     D:2: 2243 daAuts
